 Dungeon Crawl Stone Soup version 0.25-a0-949-gdd2af9e06e (webtiles) character file.

Game seed: 8802067112734971548, levelgen mode: deterministic

8313 Flugslaktarn the Cleaver (level 11, -17/99 HPs)
             Began as a Minotaur Berserker on May 8, 2020.
             Was a High Priest of Trog.
             Demolished by a two-headed ogre
             ... wielding a +0 giant spiked club
              (22 damage)
             ... on level 9 of the Dungeon.
             The game lasted 00:05:15 (10371 turns).

Flugslaktarn the Cleaver (Minotaur Berserker)      Turns: 10371, Time: 00:05:15

Health: -17/99     AC: 13    Str: 24    XL:     11   Next: 8%
Magic:  3/3        EV:  9    Int:  4    God:    Trog [*****.]
Gold:   583        SH:  8    Dex: 11    Spells: 10/10 levels left

rFire    . . .     SeeInvis .   A - +2 broad axe (antimagic)
rCold    . . .     Gourm    .   C - +0 kite shield
rNeg     . . .     Faith    .   a - +0 chain mail
rPois    .         Spirit   .   i - +0 hat
rElec    .         Reflect  .   b - +1 cloak
rCorr    .         Harm     .   (no gloves)
MR       +....                  (no boots)
Stlth    ..........             (no amulet)
HPRegen  0.26/turn              m - ring of protection from magic
MPRegen  0.08/turn              (no ring)

@: no status effects
A: retaliatory headbutt, horns 2
a: Berserk, Trog's Hand, Brothers in Arms, Renounce Religion


You were on level 9 of the Dungeon.
You worshipped Trog.
Trog was extremely pleased with you.
You were hungry.

You visited 1 branch of the dungeon, and saw 9 of its levels.

You collected 583 gold pieces.

Inventory:

Hand Weapons
 l - a +2 vorpal war axe
   (You found it on level 6 of the Dungeon)
 A - a +2 antimagic broad axe (weapon)
   (Trog gifted it to you on level 9 of the Dungeon)
Missiles
 v - a throwing net (quivered)
Armour
 a - a +0 chain mail (worn)
   (You took it off an orc warrior on level 6 of the Dungeon)
 b - a +1 cloak (worn)
   (You found it on level 3 of the Dungeon)
 i - a +0 hat (worn)
   (You found it on level 2 of the Dungeon)
 n - a +3 scale mail of poison resistance
   (You took it off Harold on level 7 of the Dungeon)
 C - a +0 kite shield (worn)
   (You took it off a gnoll sergeant on level 9 of the Dungeon)
Jewellery
 m - a ring of protection from magic (left hand)
   (You found it on level 7 of the Dungeon)
Wands
 s - a wand of acid (12)
   (You found it on level 8 of the Dungeon)
 y - a wand of iceblast (14)
   (You found it on level 9 of the Dungeon)
 B - a wand of scattershot (2)
   (You took it off a crimson imp on level 8 of the Dungeon)
Scrolls
 h - 3 scrolls of immolation
 k - a scroll of fog
 o - a scroll of magic mapping
 r - a scroll of identify
 t - 3 scrolls of teleportation
 u - a scroll of enchant weapon
 w - a scroll of silence {unknown}
 x - 7 scrolls of remove curse
Potions
 c - a potion of berserk rage
 d - a potion of might
 f - 2 potions of mutation
 g - 3 potions of lignification {unknown}
 j - a potion of haste {unknown}
 p - a potion of resistance {unknown}
 q - 3 potions of curing
Comestibles
 e - 18 rations
 z - 6 chunks of flesh


   Skills:
 + Level 9.9 Fighting
 * Level 13.0 Axes
 + Level 9.5 Armour
 - Level 8.8 Dodging
 + Level 0.3 Shields


You had 10 spell levels left.
You didn't know any spells.
Your spell library was empty.

Dungeon Overview and Level Annotations

Branches:
Dungeon (9/15)             Temple (0/1) D:7             Orc (0/2) D:9
   Lair: D:8-11

Altars:
Ashenzari
Cheibriados
Elyvilon
Fedhas
Gozag
Makhleb
Qazlal
Ru
Trog
Xom
The Shining One

Shops:
D:4 =


Innate Abilities, Weirdness & Mutations

You reflexively headbutt those who attack you in melee.
You have a pair of horns on your head.


Message History

The killer bee stings you. x2
* * * LOW HITPOINT WARNING * * *
You barely miss the killer bee.
You headbutt the killer bee, but do no damage.
The killer bee is moderately wounded.
You hit the two-headed ogre. You miss the killer bee.
You block the killer bee's attack. x2
The two-headed ogre hits you with a +0 giant spiked club!!
* * * LOW HITPOINT WARNING * * *
The two-headed ogre completely misses you.
The killer bee barely misses you.
The killer bee stings you but does no damage.
You miss the killer bee. Your headbutt misses the killer bee.
The killer bee is moderately wounded.
You barely miss the two-headed ogre. You closely miss the killer bee.
The killer bee stings you but does no damage. x2
The killer bee barely misses you. You furiously retaliate!
You headbutt the killer bee.
The two-headed ogre hits you with a +0 giant spiked club!!
You die...

.# #..# .# ##.# ## #.# #.## #..#
##.## #..#
#####################.###########
..............yy@OOO.............
#######........y#####.#########.#
#.####....# ###.(#### #.# #.#
#....# #.......# #.# #.# #....#
#.##..#.# #.# #.# #..[.#
#.###O#.# #.# #.# ##'### #.#
#.#.# #.# #.# #<# #.# #...# #.#
#.###########.# ##..#####.#


You could see a two-headed ogre, 2 ogres and 3 killer bees.

Vanquished Creatures
  Harold (D:7)
  A two-headed ogre (D:9)
  An ugly thing (D:7)
  Maggie (D:6)
  A centaur skeleton (D:8)
  A troll (D:9)
  2 hippogriffs
  A spriggan (D:7)
  A wyvern (D:8)
  3 yaks (D:9)
  2 hungry ghosts
  A water moccasin (D:9)
  7 orc warriors
  2 ice beasts (D:8)
  2 phantoms
  A necrophage (D:9)
  3 sky beasts
  2 black bears
  3 ogres
  A centaur (D:5)
  3 big kobolds
  4 gnoll sergeants
  3 bullfrogs
  3 scorpions
  A wight (D:8)
  3 howler monkeys
  3 crimson imps
  A quasit (D:7)
  Crazy Yiuf (D:7)
  3 centaur zombies
  3 jellies
  3 bullfrog skeletons
  6 orc priests
  A gnoll shaman (D:5)
  3 hounds
  10 orc wizards
  An iguana (D:4)
  7 worker ants
  A hound zombie (D:7)
  A hound skeleton (D:6)
  2 worker ant zombies
  A howler monkey zombie (D:9)
  11 gnolls
  6 adders
  3 shadow imps
  An ooze (D:2)
  3 adder skeletons
  2 adder zombies (D:8)
  2 worms
  3 dart slugs
  2 leopard geckos
  34 orcs
  A ball python (D:2)
  3 bats
  5 giant cockroaches
  8 goblins
  6 hobgoblins
  9 jackals
  5 quokkas
  3 frilled lizards
  A jackal skeleton (D:7)
  6 kobolds
  A quokka zombie (D:9)
  7 rats
223 creatures vanquished.

Notes
Turn   | Place    | Note
-------+----------+-------------------------------------------
     0 | D:1      | Flugslaktarn the Minotaur Berserker began the quest for the
                  | Orb.
     0 | D:1      | Reached XP level 1. HP: 19/19 MP: 0/0
   477 | D:1      | Reached XP level 2. HP: 27/27 MP: 1/1
   585 | D:1      | Reached skill level 4 in Axes
   984 | D:2      | Found a glowing golden altar of the Shining One.
  1160 | D:2      | Reached XP level 3. HP: 33/33 MP: 2/2
  1189 | D:2      | Found a shattered altar of Ashenzari.
  1486 | D:2      | Reached ** piety under Trog
  2068 | D:3      | Reached XP level 4. HP: 36/40 MP: 3/3
  2195 | D:3      | Found a blossoming altar of Fedhas.
  2689 | D:4      | Found a sacrificial altar of Ru.
  2742 | D:4      | Reached skill level 5 in Axes
  2744 | D:4      | Reached XP level 5. HP: 19/47 MP: 4/4
  3071 | D:4      | Reached XP level 6. HP: 41/55 MP: 5/5
  3210 | D:4      | Reached skill level 5 in Fighting
  3213 | D:4      | Found a burning altar of Makhleb.
  3245 | D:4      | Found a burning altar of Makhleb.
  3249 | D:4      | Found a stormy altar of Qazlal.
  3249 | D:4      | Found a shimmering altar of Xom.
  3260 | D:4      | Found a snail-covered altar of Cheibriados.
  3263 | D:4      | Found a white marble altar of Elyvilon.
  3315 | D:4      | Found Hiyth's Jewellery Shop.
  3394 | D:4      | Reached skill level 6 in Axes
  3487 | D:4      | Found a bloodstained altar of Trog.
  3651 | D:5      | Entered Level 5 of the Dungeon
  3930 | D:5      | Reached *** piety under Trog
  3930 | D:5      | Reached XP level 7. HP: 61/61 MP: 6/6
  4282 | D:5      | Reached skill level 7 in Axes
  4729 | D:5      | Reached skill level 5 in Armour
  5143 | D:6      | Reached skill level 5 in Dodging
  5143 | D:6      | Reached XP level 8. HP: 47/70 MP: 7/7
  5201 | D:6      | Reached skill level 8 in Axes
  5392 | D:6      | Noticed Maggie
  5401 | D:6      | Killed Maggie
  5668 | D:6      | Reached skill level 9 in Axes
  6713 | D:7      | Reached XP level 9. HP: 79/79 MP: 8/8
  6728 | D:7      | Reached **** piety under Trog
  7204 | D:7      | Found a staircase to the Ecumenical Temple.
  7271 | D:7      | Reached skill level 10 in Axes
  7406 | D:7      | Noticed a white ugly thing
  7413 | D:7      | Noticed Harold
  7419 | D:7      | Killed a white ugly thing
  7772 | D:7      | Killed Harold
  7772 | D:7      | Reached skill level 11 in Axes
  7941 | D:7      | Found an opulent altar of Gozag.
  8055 | D:7      | Found a runed translucent door.
  8056 | D:7      | Noticed Crazy Yiuf
  8207 | D:7      | Killed Crazy Yiuf
  8276 | D:8      | Reached XP level 10. HP: 66/90 MP: 5/9
  9034 | D:9      | Noticed a two-headed ogre
  9044 | D:9      | Killed a two-headed ogre
  9044 | D:9      | Reached skill level 12 in Axes
  9052 | D:9      | Reached ***** piety under Trog
  9515 | D:9      | Found a staircase to the Orcish Mines.
  9821 | D:9      | Received a gift from Trog
 10019 | D:9      | Reached XP level 11. HP: 96/99 MP: 3/10
 10061 | D:9      | Reached skill level 13 in Axes
 10327 | D:9      | Noticed a two-headed ogre
 10371 | D:9      | Demolished by a two-headed ogre

Levels and vault maps discovered:
D:1:      dpeg_arrival_castle, layout_rooms
D:2:      kennysheep_six_static_rooms, layout_basic,
          nicolae_ashenzari_panopticon, lemuel_doored_altar
D:3:      layout_loops_ring, fedhas_ov_isle_minmay, minmay_misc_feat_x,
          fountainhead
D:4:      layout_basic, nicolae_ru_path_of_blood,
          minmay_overflow_temple_star_hex, kennysheep_mini, first_ration,
          serial_shops, shop, grunt_ministairs_3, st_stairs_11,
          corexii_checkpoint_a, bloody_makhleb
D:5:      layout_loops_corners
D:6:      layout_loops_ring, uniq_maggie
D:7:      layout_loops_ring, minmay_temple_entry_poolview, serial_glass,
          glass_columns_c, glass_columns_a, the_bakery, amethyst_killhole,
          grunt_gozag_statues, uniq_harold, uniq_crazy_yiuf_cottage
D:8:      layout_rooms, minmay_diced_spiral
D:9:      layout_basic, kennysheep_orc_monster_closet_entryway, serial_shops,
          kennysheep_little_box

Skill      XL: |  1  2  3  4  5  6  7  8  9 10 11 |
---------------+----------------------------------+-----
Axes           | 4 5 6 7 9 11 12 13 | 13.0
Fighting       | 4 5 6 7 8 9 |  9.9
Armour         | 3 4 5 6 8 9 |  9.5
Dodging        | 3 4 5 6 7 8 |  8.8
Shields        | |  0.3

Action                   |  1- 3 |  4- 6 |  7- 9 | 10-12 || total
-------------------------+-------+-------+-------+-------++-------
Melee: Hand axe          |    66 |   107 |   147 |       ||   320
       Headbutt          |     9 |    10 |    58 |    45 ||   122
       War axe           |       |       |   120 |   139 ||   259
       Broad axe         |       |       |       |    72 ||    72
Invok: Berserk           |       |     1 |     5 |     2 ||     8
       Trog's Hand       |       |       |       |     1 ||     1
  Use: Scroll            |     9 |       |     9 |     2 ||    20
       Potion            |       |       |     1 |       ||     1
  Eat: Chunk             |     4 |     5 |    11 |     5 ||    25
       Ration            |       |       |     4 |     1 ||     5
Armor: Animal skin       |     7 |       |       |       ||     7
       Ring mail         |     3 |    36 |    46 |       ||    85
       Chain mail        |       |       |    57 |    89 ||   146
Dodge: Dodged            |    32 |    64 |   134 |    79 ||   309
Block: Kite shield       |       |       |       |     8 ||     8

Table legend:
 A = Non-vault XP
 B = Vault XP
 C = Vault XP percentage of total XP
 D = Non-vault monster count
 E = Vault monster count
 F = Vault count percentage of total count
                 A         B        C        D         E       F
            +---------+---------+-------+---------+---------+-------
      Total |    8534 |    3343 |  28.1 |     188 |      35 |  15.7
            +---------+---------+-------+---------+---------+-------
        D:1 |      22 |       0 |   0.0 |      11 |       0 |   0.0
        D:2 |      55 |       9 |  14.1 |      10 |       6 |  37.5
        D:3 |      54 |       0 |   0.0 |      11 |       0 |   0.0
        D:4 |     287 |      26 |   8.3 |      17 |       6 |  26.1
        D:5 |     740 |       0 |   0.0 |      24 |       0 |   0.0
        D:6 |    1117 |     395 |  26.1 |      20 |       1 |   4.8
        D:7 |    1241 |    1267 |  50.5 |      31 |       3 |   8.8
        D:8 |    1772 |     191 |   9.7 |      27 |       3 |  10.0
        D:9 |    3246 |    1455 |  31.0 |      37 |      16 |  30.2
            +---------+---------+-------+---------+---------+-------
